 Dungeon Crawl Stone Soup version 0.31-a0-925-g0a390f2509 (webtiles) character file.

Game seed: 8288308925722126522

4526 Error4North the Mimic (level 10, -2/80 HPs)
             Began as a Yellow Draconian Shapeshifter on Oct 18, 2023.
             Was a Believer of Wu Jian.
             Slain by a killer bee (7 damage)
             ... on level 8 of the Dungeon.
             The game lasted 00:38:22 (7469 turns).

Error4North the Mimic (DrSh)                        Turns: 7469, Time: 00:38:23

Health: -2/80      AC:  7    Str: 21    XL:     10   Next: 17%
Magic:  11/14      EV: 14    Int: 11    God:    Wu Jian [**....]
Gold:   466        SH:  5    Dex: 16    Spells: 11/15 levels left

rFire   . .          .
                       - Unarmed
rCold   . . .        (no shield)
rNeg    . . .        (body armour unavailable)
rPois   .            (helmet currently unavailable)
rElec   .            (cloak currently unavailable)
rCorr   +            (gloves currently unavailable)
SInv    .            (boots currently unavailable)
Will    .....        k - amulet of reflection
Stlth   ++           r - +6 ring of dexterity
HPRegen 0.33/turn    (no ring)
MPRegen 0.14/turn

%: reflection
@: short of breath, beast-form
A: beast (slay +4), spit acid, AC +7, unfitting armour, cold-blooded, acid
resistance
a: Breathe Acid, Begin Untransformation, Renounce Religion, Wall Jump


You were on level 8 of the Dungeon.
You worshipped Wu Jian.
Wu Jian was pleased with you.
You were a hulking beast.
You visited 2 branches of the dungeon, and saw 9 of its levels.
You also visited: Ossuary.

You collected 576 gold pieces.
You spent 110 gold pieces at shops.

Inventory:

Missiles
 e - a throwing net
 j - 9 javelins (quivered)
 p - 18 poisoned darts
 C - 4 boomerangs
Jewellery
 k - an amulet of reflection (around neck)
 r - a +6 ring of dexterity (left hand)
Talismans
 b - a beast talisman (active)
 c - a flux talisman
Wands
 f - a wand of flame (53)
 D - a wand of roots (6)
 E - a wand of acid (12)
 G - a wand of polymorph (14)
 I - a wand of charming (6)
Scrolls
 d - a scroll of vulnerability {unknown}
 i - 5 scrolls of identify
 q - a scroll of silence {unknown}
 s - a scroll of summoning {unknown}
 x - a scroll of blinking {unknown}
 y - a scroll of torment {unknown}
 A - 2 scrolls of enchant weapon {unknown}
 B - 2 scrolls of revelation {unknown}
 F - a scroll of acquirement {unknown}
 H - 2 scrolls of immolation {unknown}
Potions
 a - 2 potions of lignification
 g - 2 potions of mutation {unknown}
 h - a potion of heal wounds
 n - 2 potions of attraction {unknown}
 o - a potion of degeneration {unknown}
 t - 4 potions of curing
 u - a potion of resistance {unknown}
 v - 2 potions of ambrosia {unknown}
 w - 2 potions of haste {unknown}
 z - 2 potions of enlightenment {unknown}
 J - a potion of berserk rage {unknown}


   Skills:
 * Level 4.3 Fighting
 + Level 2.6 Throwing
 + Level 4.5 Dodging
 + Level 3.3 Stealth
 + Level 2.7 Shields
 + Level 6.3 Unarmed Combat
 + Level 3.2 Spellcasting
 + Level 3.0 Conjurations
 + Level 2.0 Translocations
 + Level 3.0 Air Magic
 * Level 2.2 Evocations
 * Level 8.4 Shapeshifting


You had 11 spell levels left.
You knew the following spells:

 Your Spells              Type           Power      Damage    Failure   Level
a - Shock                 Conj/Air       32%        1d5       8%          1
b - Blink                 Tloc           12%        N/A       17%         2
c - Magic Dart            Conj           32%        1d4       8%          1

Your spell library contained the following spells:

 Spells                   Type           Power      Damage    Failure   Level
 Foxfire                  Conj/Fire      20%        2x1d5     14%         1
 Swiftness                Air            8%         N/A       22%         3
 Mephitic Cloud           Conj/Pois/Air  6%         N/A       34%         3
 Call Imp                 Summ           2%         N/A       36%         2
 Sublimation of Blood     Necr           1%         N/A       36%         2
 Airstrike                Air            4%         2d(1-17)  58%         4
 Call Canine Familiar     Summ           1%         N/A       61%         3
 Inner Flame              Hex/Fire       1%         N/A       61%         3
 Sigil of Binding         Hex            1%         N/A       61%         3
 Manifold Assault         Tloc           6%         N/A       73%         4
 Flame Wave               Conj/Fire      5%         2d5       80%         4
 Sticky Flame             Conj/Fire      5%         2d3       80%         4
 Dimensional Bullseye     Hex/Tloc       2%         N/A       86%         4
 Leda's Liquefaction      Hex/Erth       0%         N/A       95%         4
 Petrify                  Tmut/Erth      1%         N/A       95%         4
 Irradiate                Conj/Tmut      2%         3d12      98%         5
 Plasma Beam              Fire/Air       2%         2x1d12    100%        6
 Starburst                Conj/Fire      2%         6d3       100%        6


Dungeon Overview and Level Annotations

Branches:
Dungeon (8/15)             Temple (1/1) D:6         Ossuary (visited)
   Lair: D:8-11

Altars:
Ashenzari
Cheibriados
Dithmenos
Elyvilon
Fedhas
Gozag
Hepliaklqana
Kikubaaqudgha
Makhleb
Nemelex Xobeh
Okawaru
Ru
Sif Muna
Trog
Uskayaw
Vehumet
Wu Jian
Xom
Yredelemnul
Zin
The Shining One

Shops:
D:3 =[*

Annotations:
D:8 2 transporters, WhatIsLove's ghost, novice DjFE


Innate Abilities, Weirdness & Mutations

You are a hulking beast.
Your limbs bulge with bestial killing power. (Slay +4)
You can spit globs of acid.
Your golden yellow scales are hard. (AC +7)
You cannot fit into any form of body armour.
You are cold-blooded and may be slowed by cold attacks.
You are resistant to acid. (rCorr)


Message History

* * * LOW HITPOINT WARNING * * *
The killer bee completely misses you. The killer bee closely misses you.
The killer bee misses you. You block the killer bee's attack.
You spin and attack the killer bee.
You punch the killer bee!
The killer bee is almost dead.
You spin and attack the killer bee.
You hit the killer bee.
The killer bee is almost dead.
The killer bee closely misses you. The killer bee stings you.
* * * LOW HITPOINT WARNING * * *
You block the killer bee's attack.
The killer bee stings you but does no damage.
The killer bee barely misses you. x2; You block the killer bee's attack.
The killer bee misses you.
Casting: Blink (safe; 17% risk of failure)
Confirm with . or Enter, or press ? or * to list all spells.
You are still too unstable to blink.
As you read the scroll labelled XAOCLE JUYROTU, it dissolves into smoke.
It was a scroll of fog.
You feel ready to blink again. You block the killer bee's attack.
The killer bee barely misses you. The killer bee stings you.
* * * LOW HITPOINT WARNING * * *
The killer bee misses you. The killer bee closely misses you. x2
The killer bee misses you.
The queen bee calls on the killer bee to defend it!
The killer bee goes berserk!
The queen bee calls on the killer bee to defend it!
The killer bee goes berserk!
You block the killer bee's attack. x2
The killer bee barely misses you. The killer bee stings you.
* * * LOW HITPOINT WARNING * * *
You spin and attack the killer bee.
You punch the killer bee!
The killer bee is almost dead.
You spin and attack the killer bee repeatedly.
You punch the killer bee!
The killer bee is heavily wounded.
You hit the killer bee.
Your tail-slap misses the killer bee.
The killer bee is almost dead.
The killer bee rages.
The killer bee completely misses you. The killer bee stings you!
You die...

# #.#####........# ##8.. ###
#.##......####.####.... ..#
#.....#.#.# #.#..###.. #.#
####..#.#.# #.#.##_... #>#
#..#.#.# #....###.. #.#
############# #.#.##.... #.##
#P.P......P# #.#.####).
...######..........#####.#.##....
.#..y[..#....§yyhy.#........###..
...###..#....§yy§y.###########...
#### ##.'....§yy§§.# ###_
#.'.....y§§§.# ## ###..........#
#..........# #..........#
#.....P..PP# ############


You could see 8 killer bees.

Vanquished Creatures
  A troll (D:7)
  Prince Ribbit (D:5)
  Grinder (D:4)
  2 wyverns (D:8)
  4 water moccasins
  A sky beast (D:6)
  An orc warrior (D:6)
  3 black bears
  3 centaurs
  2 phantoms
  An elf zombie (Ossuary)
  A kobold brigand (D:8)
  2 bullfrogs
  A scorpion (D:5)
  6 wights
  15 killer bees
  6 howler monkeys
  A centaur zombie (Ossuary)
  A hound (D:4)
  A gnoll bouda (D:6)
  3 orc priests
  2 human zombies (Ossuary)
  6 iguanas
  2 orc wizards
  2 mummies (Ossuary)
  Robin (D:4)
  3 gnolls (D:5)
  11 adders
  2 shadow imps
  2 white imps
  4 ufetubi
  A worm (D:3)
  A dart slug (D:1)
  19 orcs
  10 endoplasms
  3 giant cockroaches
  14 goblins
  12 hobgoblins
  6 jackals
  18 kobolds
  A quokka (D:4)
  9 ball pythons
  6 bats
  5 frilled lizards
  12 hobgoblin zombies (Ossuary)
  2 jackal zombies (Ossuary)
  8 kobold zombies (Ossuary)
  8 orc zombies (Ossuary)
  5 rats
  3 rat zombies (Ossuary)
235 creatures vanquished.

Vanquished Creatures (others)
  A phantom (D:6)
1 creature vanquished.

Grand Total: 236 creatures vanquished

Notes
Turn   | Place    | Note
-------+----------+-------------------------------------------
     0 | D:1      | Error4North the Draconian Shapeshifter began the quest for
                  | the Orb.
     0 | D:1      | Reached XP level 1. HP: 16/16 MP: 1/1
   252 | D:1      | Reached XP level 2. HP: 9/23 MP: 2/2
   409 | D:1      | Learned a level 1 spell: Shock
   611 | D:1      | Reached XP level 3. HP: 29/29 MP: 3/3
   990 | D:2      | Found a snail-covered altar of Cheibriados.
  1602 | D:3      | Reached XP level 4. HP: 28/36 MP: 4/4
  1633 | D:3      | Found Jutatab's Armour Shoppe.
  1714 | D:3      | Found Acagres's Assorted Antiques.
  1722 | D:3      | Bought an ancient ruby amulet for 110 gold pieces
  1722 | D:3      | Identified the amulet "Beil" {Faith Str-3 Int+3 Dex+3} (You
                  | bought it in a shop on level 3 of the Dungeon)
  1932 | D:3      | Found a snail-covered altar of Cheibriados.
  1995 | D:3      | Found a hazy altar of Hepliaklqana.
  2112 | D:3      | Found a white marble altar of Elyvilon.
  2170 | D:3      | Found a faded altar of an unknown god.
  2242 | D:3      | Found Saonar's Jewellery Boutique.
  2405 | D:4      | Found a bloodstained altar of Trog.
  2425 | D:4      | Found an iron altar of Okawaru.
  2439 | D:4      | Reached XP level 5. HP: 42/42 MP: 5/5
  2452 | D:4      | Reached skill level 1 in Conjurations
  2455 | D:4      | Reached skill level 1 in Air Magic
  2456 | D:4      | Noticed Grinder
  2479 | D:4      | Killed Grinder
  2480 | D:4      | Reached skill level 1 in Spellcasting
  2480 | D:4      | Reached XP level 6. HP: 36/51 MP: 4/7
  2483 | D:4      | Reached skill level 4 in Shapeshifting
  2624 | D:4      | Found a sand-covered staircase.
  2631 | Ossuary  | Entered an ossuary
  2818 | Ossuary  | Your scales start taking on a golden yellow colour.
  2818 | Ossuary  | Reached XP level 7. HP: 40/57 MP: 9/9
  2818 | Ossuary  | Gained mutation: You are resistant to acid. (rCorr) [Yellow
                  | Draconian growth]
  2895 | Ossuary  | Reached skill level 1 in Stealth
  2978 | D:4      | Learned a level 2 spell: Blink
  3060 | D:4      | Noticed Robin
  3071 | D:4      | Killed Robin
  3186 | D:4      | Reached skill level 1 in Shields
  3186 | D:4      | Found a broken altar of Ashenzari.
  3411 | D:5      | Entered Level 5 of the Dungeon
  3617 | D:5      | Reached skill level 1 in Throwing
  3631 | D:5      | Reached skill level 5 in Unarmed Combat
  3709 | D:5      | Reached XP level 8. HP: 60/63 MP: 11/11
  3745 | D:5      | Noticed Prince Ribbit
  3758 | D:5      | Killed Prince Ribbit
  3759 | D:5      | Reached skill level 1 in Translocations
  4514 | D:6      | Reached skill level 5 in Shapeshifting
  4515 | D:6      | Reached XP level 9. HP: 35/71 MP: 11/13
  4711 | D:6      | Found a staircase to the Ecumenical Temple.
  4723 | Temple   | Entered the Ecumenical Temple
  4738 | Temple   | Became a worshipper of the Wu Jian Council
  5326 | D:7      | Reached skill level 6 in Shapeshifting
  5433 | D:7      | Noticed a troll
  5899 | D:7      | Learned a level 1 spell: Magic Dart
  5994 | D:7      | Reached skill level 7 in Shapeshifting
  6070 | D:7      | Killed a troll
  6070 | D:7      | Reached * piety under Wu Jian
  6512 | D:8      | Reached skill level 8 in Shapeshifting
  6621 | D:8      | Reached XP level 10. HP: 56/79 MP: 14/14
  6751 | D:8      | Found an ancient bone altar of Kikubaaqudgha.
  6752 | D:8      | Found a glowing golden altar of the Shining One.
  6758 | D:8      | Found an opulent altar of Gozag.
  6812 | D:8      | Noticed a two-headed ogre
  6812 | D:8      | Noticed WhatIsLove's ghost (novice DjFE)
  6814 | D:8      | Found a transporter.
  6947 | D:8      | Found a bloodstained altar of Trog.
  6948 | D:8      | Noticed a moth of wrath
  6962 | D:8      | Reached skill level 1 in Evocations
  6990 | D:8      | Found a transporter.
  7019 | D:8      | Found a sparkling altar of Nemelex Xobeh.
  7029 | D:8      | Reached ** piety under Wu Jian
  7469 | D:8      | Slain by a killer bee

Illustrated notes

Levels and vault maps discovered:
D:1:      wander_arrival_abandoned_jail, layout_basic, minmay_tetromino_l4
D:2:      layout_basic, basic_altar, patterned_corridor
D:3:      layout_basic, nicolae_elyvilon_peaceful_grove,
          nicolae_hepliaklqana_hazy_memory, mainiacjoe_overflow_alcove_1,
          serial_shops, shop, shop, shop,
          shapermc_ecumenical_altar_mp_highgroup, serial_park_tiny_2,
          minmay_box_of_dots
D:4:      layout_rooms, okawaru_gym_becter, ashenzari_conservatory_becter,
          nicolae_overflow_hidden_temple, nicolae_ossuary_entry_monument,
          serial_corexii_hall, chequers_hall_statues_corner_a,
          corexii_hall_statues_l, uniq_grinder, uniq_robin
D:5:      layout_loops_cross, grunt_ministairs_4, kennysheep_generic_room_2,
          uniq_prince_ribbit1
D:6:      layout_basic, temple_hall, minmay_fractal_squares_diagonal_5
D:7:      layout_rooms
D:8:      layout_loops_ring, mainiacjoe_overflow_catwalk, minitemple,
          gammafunk_ghost_wrathful_warriors, hangedman_abyss_or_decor_slice,
          nicolae_looking_at_the_future
Temple:   jpeg_temple_clearing

Skill      XL: |  1  2  3  4  5  6  7  8  9 10 |
---------------+-------------------------------+-----
Dodging        | 2 3 4 |  4.5
Fighting       | 2 3 4 |  4.3
Conjurations   | 1 2 3 |  3.0
Air Magic      | 1 2 3 |  3.0
Unarmed Combat | 4 5 6 |  6.3
Spellcasting   | 1 2 3 |  3.2
Shapeshifting  | 4 5 8 |  8.4
Stealth        | 1 3 |  3.3
Shields        | 1 2 |  2.7
Throwing       | 1 2 |  2.6
Translocations | 2 |  2.0
Evocations     | 2 |  2.2

Action                     |  1- 3 |  4- 6 |  7- 9 | 10-12 || total
---------------------------+-------+-------+-------+-------++-------
  Melee: Unarmed           |    98 |   187 |   325 |    65 ||   675
         Tailslap          |    11 |    17 |    42 |     7 ||    77
         Punch             |       |     1 |     7 |     2 ||    10
  Throw: Javelin           |       |     3 |    41 |     4 ||    48
   Cast: Shock             |     1 |     4 |    16 |     6 ||    27
         Blink             |       |       |     1 |     2 ||     3
Ability: Breathe Acid      |       |       |    12 |     1 ||    13
         Lunge             |       |       |     6 |     4 ||    10
         Whirlwind         |       |       |       |     8 ||     8
  Evoke: Wand              |       |       |     1 |       ||     1
    Use: Potion            |       |     1 |     7 |     1 ||     9
         Scroll            |       |       |     1 |     2 ||     3
   Stab: Sleeping          |     3 |     2 |       |       ||     5
         Invisible         |       |       |     4 |       ||     4
         Distracted        |       |       |       |     2 ||     2
 Armour: Skin              |    41 |    72 |   259 |    44 ||   416
  Dodge: Dodged            |    44 |   105 |   214 |    72 ||   435
  Block: Other             |       |    28 |    76 |    26 ||   130
         Reflection        |       |       |     2 |       ||     2

Table legend: (Time is in decaauts)
 A = Elapsed time spent in this place.
 B = Non-inter-level travel time spent in this place.
 C = Inter-level travel time spent in this place.
 D = Time resting spent in this place.
 E = Time spent auto-exploring this place.
 F = Levels seen in this place.
 G = Mean time per level.
                   A        B        C        D        E       F      G
               +--------+--------+--------+--------+--------+-----+--------+
         Total |   7444 |   7338 |    106 |    588 |   4400 |  10 |  744.4 |
       Dungeon |   7088 |   7009 |     79 |    588 |   4314 |   8 |  886.0 |
        Temple |     30 |      3 |     27 |      0 |      0 |   1 |   30.0 |
       Ossuary |    325 |    325 |      0 |      0 |     86 |   1 |  325.0 |
               +--------+--------+--------+--------+--------+-----+--------+

Top non-repeatable levels by time:
     D:6: 1274 daAuts
     D:8: 969 daAuts
     D:5: 930 daAuts
     D:3: 845 daAuts
     D:7: 842 daAuts
     D:1: 788 daAuts
     D:2: 753 daAuts
     D:4: 684 daAuts
 Ossuary: 325 daAuts
  Temple: 30 daAuts
